 Dungeon Crawl Stone Soup version 0.31-a0-963-ga325b2283a (webtiles) character file.

Game seed: 6010323375433324240

7002 Hubris850 the Mimic (level 11, -22/77 HPs)
             Began as a Merfolk Gladiator on Oct 25, 2023.
             Was a Believer of Makhleb.
             Killed from afar by a will-o-the-wisp (31 damage)
             ... with a foxfire
             ... on level 1 of the Abyss.
             The game lasted 00:24:46 (7681 turns).

Hubris850 the Mimic (Merfolk Gladiator)             Turns: 7681, Time: 00:24:47

Health: -22/77     AC:  8    Str: 21    XL:     11   Next: 8%
Magic:  29/29      EV: 16    Int:  9    God:    Makhleb [**....]
Gold:   285        SH:  0    Dex: 18    Spells: 10/10 levels left

rFire   . .          .
                       - Unarmed
rCold   . . .        F - melded +0 kite shield
rNeg    . . .        x - +2 leather armour "Bauhit" {rPois MP+9 SInv}
rPois   +            b - +1 helmet
rElec   .            G - +2 cloak
rCorr   .            g - melded +2 pair of gloves
SInv    +            E - +0 pair of boots
Will    .....        w - amulet of regeneration
Stlth   +            p - +6 ring of strength
HPRegen 1.12/turn    u - ring of magical power
MPRegen 0.21/turn

%: no passive effects
@: blade hands
A: (nimble swimmer 2), mertail
a: Begin Untransformation, Renounce Religion, Minor Destruction


You were on level 1 of the Abyss.
You worshipped Makhleb.
Makhleb was pleased with you.
You had blades for hands.
You visited 2 branches of the dungeon, and saw 10 of its levels.
You visited the Abyss 1 time.

You collected 285 gold pieces.

Inventory:

Hand Weapons
 e - a +2 short sword of protection
 s - the +6 dagger of Generosity {antimagic, *Rage rCorr Str-3 Stlth+}
   (You found it on level 3 of the Dungeon)

   Str-3:     It affects your strength (-3).
   *Rage:     It berserks you when you make melee attacks (+20% chance).
   rCorr:     It protects you from acid and corrosion.
   Stlth+:    It makes you more stealthy.
Missiles
 c - 4 throwing nets
 d - 3 javelins
 A - 18 poisoned darts (quivered)
 I - a curare-tipped dart
Armour
 a - a +0 leather armour
 b - a +1 helmet (worn)
 g - a +2 pair of gloves (melded)
 q - a +0 cloak
 x - the +2 leather armour "Bauhit" (worn) {rPois MP+9 SInv}
   (You found it on level 6 of the Dungeon)

   rPois:     It protects you from poison MP+9: It affects your magic capacity
   (+9).
   SInv:      It lets you see invisible.
 y - a +1 robe of cold resistance
 B - a +0 scale mail
 E - a +0 pair of boots (worn)
 F - a +0 kite shield (melded)
 G - a +2 cloak (worn)
 K - +0 steam dragon scales
Jewellery
 p - a +6 ring of strength (left blade hand)
 u - a ring of magical power (right blade hand)
 w - an amulet of regeneration (around neck)
 P - an amulet of the acrobat
 Q - a ring of magical power
Talismans
 k - a blade talisman (active)
Wands
 j - a wand of charming (15)
 r - a wand of roots (14)
 M - a wand of flame (16)
Scrolls
 l - a scroll of fog
 o - 7 scrolls of teleportation
 v - a scroll of fear
 D - 3 scrolls of immolation
 L - a scroll of poison
 N - a scroll of enchant weapon
 O - 2 scrolls of brand weapon
Potions
 f - 2 potions of might
 h - 4 potions of attraction
 i - 2 potions of curing
 m - a potion of cancellation
 n - a potion of resistance
 t - 2 potions of heal wounds
 z - a potion of invisibility
 C - a potion of haste {unknown}
 H - 3 potions of brilliance {unknown}
 J - a potion of enlightenment {unknown}


   Skills:
 - Level 4.0 Fighting
 - Level 4.0 Throwing
 - Level 8.0 Dodging
 + Level 6.7 Shields
 + Level 10.1 Unarmed Combat
 + Level 12.2 Shapeshifting


You had 10 spell levels left.
You didn't know any spells.
Your spell library contained the following spells:

 Spells                   Type           Power      Damage    Failure   Level
 Freeze                   Ice            0%         1d3       43%         1
 Shock                    Conj/Air       0%         1d3       43%         1
 Poisonous Vapours        Pois/Air       0%         N/A       56%         2
 Dazzling Flash           Conj/Hex       0%         N/A       80%         3
 Frozen Ramparts          Ice            0%         1d1       80%         3
 Hailstorm                Conj/Ice       0%         3d3       80%         3
 Ignite Poison            Fire/Tmut/Pois 0%         N/A       80%         3
 Inner Flame              Hex/Fire       0%         N/A       80%         3
 Swiftness                Air            0%         N/A       80%         3
 Airstrike                Air            0%         2d(0-16)  99%         4
 Animate Armour           Summ/Erth      0%         N/A       99%         4
 Flame Wave               Conj/Fire      0%         2d4       99%         4
 Sticky Flame             Conj/Fire      0%         2d3       99%         4
 Agony                    Necr           0%         N/A       100%        5
 Silence                  Hex/Air        0%         N/A       100%        5


Dungeon Overview and Level Annotations

Branches:
Dungeon (9/15)             Temple (1/1) D:6
   Lair: D:8-11         Orc: D:9-12

Altars:
Ashenzari
Cheibriados
Dithmenos
Elyvilon
Fedhas
Gozag
Hepliaklqana
Kikubaaqudgha
Makhleb
Nemelex Xobeh
Okawaru
Qazlal
Ru
Sif Muna
Trog
Uskayaw
Vehumet
Wu Jian
Xom
Yredelemnul
Zin
The Shining One

Shops:
D:1 !   D:4 (   D:5 !

Annotations:
D:1 1 transporter
D:9 Psyche
Temple 2 transporters


Innate Abilities, Weirdness & Mutations

You have blades for hands.
You are incapable of wielding weapons or throwing items.
((You are very nimble when in or above water. (Stealth+, EV+, Speed+++)))
Your lower body shifts to a powerful aquatic tail in water.


Message History

The ufetubus misses you. The ufetubus closely misses you.
The ufetubus misses you. The ufetubus closely misses you.
You closely miss the ufetubus.
The ufetubus is lightly wounded.
The ufetubus misses you. The ufetubus closely misses you.
You hit the ufetubus.
The ufetubus is severely wounded.
The ufetubus closely misses you.
The ufetubus hits you but does no damage.
You slice the ufetubus!!
You kill the ufetubus!
Makhleb accepts your kill.
A small abomination comes into view.
You closely miss the small abomination.
The small abomination closely misses you.
You slice the small abomination!!
You destroy the small abomination!
Makhleb accepts your kill.
A large abomination comes into view.
There is an open door here.
A will-o-the-wisp comes into view.
Found a corrupted altar of Lugonu.
The will-o-the-wisp gestures.
The will-o-the-wisp conjures some marshlight! 2 foxfires come into view.
The foxfire hits you!! x2
The will-o-the-wisp gestures.
The will-o-the-wisp conjures some marshlight! 2 foxfires come into view.
You closely miss the will-o-the-wisp. Your slash misses the will-o-the-wisp.
The foxfire hits you! x2
The will-o-the-wisp gestures.
The will-o-the-wisp conjures some marshlight! 2 foxfires come into view.
You slice the will-o-the-wisp!!
The will-o-the-wisp is heavily damaged.
The foxfire hits you!
* * * LOW HITPOINT WARNING * * *
The foxfire hits you!!
You die...

.... .... ...
....... .. ...
...... #....
.....#..
#....##.##...
#....##.##§§.##
#........vv#..#
#.........@§..##.
#............._...
.
#.............##.#
....#.............#
...'.............#
....#.............#
. ## #########'##
... ....


You could see a will-o-the-wisp.

Vanquished Creatures
  A glowing orange brain (Abyss:1)
  A hellwing (Abyss:1)
  3 polar bears (D:9)
  A troll (D:8)
  Sigmund (D:3)
  3 wyverns
  8 yaks
  3 steam dragons
  A basilisk (D:8)
  2 unseen horror simulacra (D:9)
  A small abomination (Abyss:1)
  3 water moccasins
  A black bear (D:7)
  An orc warrior (D:9)
  An ogre (D:5)
  2 centaurs (D:8)
  A phantom (D:6)
  A gnoll sergeant (D:7)
  2 kobold brigands
  4 bullfrogs
  2 scorpions
  5 wights (D:8)
  A hornet simulacrum (D:9)
  5 killer bees
  2 howler monkeys
  2 jellies (D:5)
  A quasit (Abyss:1)
  5 orc priests
  3 hounds
  2 sleepcaps
  Jessica (D:3)
  5 orc wizards
  Natasha (D:3)
  Ijyb (D:3)
  4 gnolls (D:7)
  8 adders
  4 white imps
  4 ufetubi
  3 worms (D:2)
  5 dart slugs
  17 orcs
  8 bats
  10 endoplasms
  2 giant cockroaches
  7 goblins
  5 hobgoblins
  5 quokkas
  3 ball pythons
  2 frilled lizards (D:1)
  18 kobolds
  7 rats
189 creatures vanquished.

Vanquished Creatures (others)
  An orc wizard (D:8)
  5 foxfires (Abyss:1)
6 creatures vanquished.

Grand Total: 195 creatures vanquished

Notes
Turn   | Place    | Note
-------+----------+-------------------------------------------
     0 | D:1      | Hubris850 the Merfolk Gladiator began the quest for the
                  | Orb.
     0 | D:1      | Reached XP level 1. HP: 16/16 MP: 1/1
    54 | D:1      | Found Gengixzi's Distillery.
   115 | D:1      | Reached XP level 2. HP: 23/23 MP: 2/2
   381 | D:1      | Reached XP level 3. HP: 28/28 MP: 3/3
  1126 | D:2      | Reached XP level 4. HP: 30/34 MP: 4/4
  1582 | D:3      | Noticed Jessica
  1587 | D:3      | Noticed Ijyb
  1592 | D:3      | Killed Jessica
  1592 | D:3      | Noticed Natasha
  1600 | D:3      | Killed Natasha
  1601 | D:3      | Reached skill level 5 in Dodging
  1601 | D:3      | Reached XP level 5. HP: 11/41 MP: 5/5
  1728 | D:3      | Killed Ijyb
  1783 | D:3      | Identified the +6 dagger of Generosity {antimagic, *Rage
                  | rCorr Str-3 Stlth+}
  2177 | D:3      | Noticed Sigmund
  2184 | D:3      | Killed Sigmund
  2185 | D:3      | Reached XP level 6. HP: 48/48 MP: 2/6
  2509 | D:4      | Found a hazy altar of Hepliaklqana.
  2521 | D:4      | Found a hide-covered altar of Uskayaw.
  2565 | D:4      | Reached skill level 5 in Unarmed Combat
  2628 | D:4      | Found Rekko's Antique Weapon Emporium.
  2660 | D:4      | Reached XP level 7. HP: 54/54 MP: 2/7
  3365 | D:5      | Entered Level 5 of the Dungeon
  3762 | D:5      | Reached XP level 8. HP: 59/60 MP: 8/8
  3791 | D:5      | Found Hekhlefy's Distillery.
  4446 | D:6      | Found a staircase to the Ecumenical Temple.
  4455 | Temple   | Found a transporter.
  4455 | Temple   | Found a transporter.
  4455 | Temple   | Found a transporter.
  4455 | Temple   | Found a transporter.
  4455 | Temple   | Entered the Ecumenical Temple
  4471 | Temple   | Became a worshipper of Makhleb the Destroyer
  4935 | D:6      | Identified the +2 leather armour "Bauhit" {rPois MP+9 SInv}
  5064 | D:6      | Reached skill level 1 in Shapeshifting
  5108 | D:6      | Reached skill level 3 in Shapeshifting
  5411 | D:7      | Reached skill level 4 in Shapeshifting
  5421 | D:7      | Reached XP level 9. HP: 65/65 MP: 9/9
  5464 | D:7      | Reached skill level 1 in Shields
  5503 | D:7      | Reached skill level 5 in Shapeshifting
  5635 | D:7      | Reached * piety under Makhleb
  5906 | D:7      | Reached skill level 6 in Shapeshifting
  6498 | D:8      | Reached skill level 7 in Shapeshifting
  6544 | D:8      | Noticed a troll
  6555 | D:8      | Killed a troll
  6561 | D:8      | Reached skill level 5 in Shields
  6564 | D:8      | Reached skill level 8 in Shapeshifting
  6667 | D:8      | Reached skill level 9 in Shapeshifting
  6667 | D:8      | Reached XP level 10. HP: 60/71 MP: 10/10
  6876 | D:8      | Reached skill level 10 in Shapeshifting
  6918 | D:8      | Reached skill level 11 in Shapeshifting
  7201 | D:9      | Identified the of Wemil
  7209 | D:9      | Found an ancient bone altar of Kikubaaqudgha.
  7307 | D:9      | Reached ** piety under Makhleb
  7496 | D:9      | Noticed Psyche
  7508 | Abyss:1  | Cast into level 1 of the Abyss (Psyche)
  7545 | Abyss:1  | Noticed a smoke demon
  7599 | Abyss:1  | Found a corrupted altar of Lugonu.
  7618 | Abyss:1  | Found a corrupted altar of Lugonu.
  7631 | Abyss:1  | Reached skill level 12 in Shapeshifting
  7642 | Abyss:1  | Noticed a glowing orange brain
  7652 | Abyss:1  | Killed a glowing orange brain
  7653 | Abyss:1  | Reached skill level 10 in Unarmed Combat
  7653 | Abyss:1  | Reached XP level 11. HP: 77/77 MP: 11/11
  7675 | Abyss:1  | Noticed a will-o-the-wisp
  7676 | Abyss:1  | Found a corrupted altar of Lugonu.
  7681 | Abyss:1  | Killed from afar by a will-o-the-wisp

Illustrated notes

Levels and vault maps discovered:
D:1:      spicycebolla_arrival_risky_transporter, layout_loops_cross,
          serial_shops, shop, minmay_bisected
D:2:      layout_loops_ring
D:3:      cheibrodos_thug_alley, layout_loops_cross, minmay_liquid_box,
          uniq_natasha, uniq_jessica, uniq_sigmund, uniq_ijyb
D:4:      minmay_wonky_spiral, layout_basic, mainiacjoe_overflow_swirl,
          serial_shops, shop
D:5:      minmay_general_purpose_star, layout_loops_ring, serial_shops, shop
D:6:      layout_gridville, minmay_temple_entry_water_ring, supply_closet_lemuel
D:7:      layout_loops_corners, roderic_cross_of_infinity,
          minmay_misc_feat_tower, kennysheep_generic_room_12
D:8:      layout_loops_ring
D:9:      layout_grid_maze, old_standard_altar, serial_ice, serial_ice_l,
          serial_ice_f, serial_ice_n, serial_ice_b, serial_ice_m, serial_ice_g,
          gammafunk_ghost_split, nicolae_looking_at_the_future, uniq_psyche
Temple:   hellmonk_temple_divided_pantheon
Abyss:1:  base: D:6, due_exit_kobolds

Skill      XL: |  1  2  3  4  5  6  7  8  9 10 |
---------------+-------------------------------+-----
Fighting       | 3 4 |  4.0
Unarmed Combat | 4 5 6 9 10 | 10.1
Throwing       | 3 4 |  4.0
Dodging        | 5 6 8 |  8.0
Shapeshifting  | 4 9 12 | 12.2
Shields        | 5 6 |  6.7

Action                     |  1- 3 |  4- 6 |  7- 9 | 10-12 || total
---------------------------+-------+-------+-------+-------++-------
  Melee: Unarmed           |     8 |       |   296 |   156 ||   460
         Short sword       |   105 |    35 |       |       ||   140
         Punch             |     4 |     3 |    11 |     4 ||    22
         Dagger            |       |    40 |    28 |       ||    68
  Throw: Dart              |       |       |     8 |       ||     8
         Javelin           |       |       |     6 |     2 ||     8
  Evoke: Wand              |       |     1 |     2 |       ||     3
    Use: Scroll            |       |       |    14 |     6 ||    20
         Potion            |       |       |     1 |       ||     1
   Stab: Sleeping          |     4 |     3 |     1 |       ||     8
         Distracted        |       |     1 |       |       ||     1
 Armour: Leather armour    |    46 |    20 |    93 |    85 ||   244
         Scale mail        |       |    15 |    94 |       ||   109
         Robe              |       |    10 |       |       ||    10
  Dodge: Dodged            |    61 |    45 |   237 |   110 ||   453
  Block: Kite shield       |       |       |    66 |    20 ||    86
   Form: Blade             |       |       |       |     1 ||     1

Table legend: (Time is in decaauts)
 A = Elapsed time spent in this place.
 B = Non-inter-level travel time spent in this place.
 C = Inter-level travel time spent in this place.
 D = Time resting spent in this place.
 E = Time spent auto-exploring this place.
 F = Levels seen in this place.
 G = Mean time per level.
                   A        B        C        D        E       F      G
               +--------+--------+--------+--------+--------+-----+--------+
         Total |   7682 |   7413 |    269 |    537 |   5322 |  11 |  698.4 |
       Dungeon |   7482 |   7223 |    259 |    537 |   5260 |   9 |  831.3 |
        Temple |     31 |     21 |     10 |      0 |      0 |   1 |   31.0 |
         Abyss |    168 |    168 |      0 |      0 |     62 |   1 |  168.0 |
               +--------+--------+--------+--------+--------+-----+--------+

Top non-repeatable levels by time:
     D:4: 1125 daAuts
     D:7: 1118 daAuts
     D:5: 1019 daAuts
     D:6: 906 daAuts
     D:2: 891 daAuts
     D:1: 792 daAuts
     D:8: 742 daAuts
     D:3: 599 daAuts
     D:9: 288 daAuts
 Abyss:1: 168 daAuts
  Temple: 31 daAuts
